 Dungeon Crawl Stone Soup version 0.29-a0-902-g0f71de6fce (webtiles) character file.

Game seed: 9856733257850935594

566221 quixfox the Petrodigitator (level 26, -10/186 (190) HPs)
             Began as a Gargoyle Earth Elementalist on July 21, 2022.
             Was the Champion of Vehumet.
             Mangled by a doom hound (22 damage)
             ... led by Grunn
             ... on level 2 of the Realm of Zot on July 25, 2022.
             The game lasted 07:51:42 (93534 turns).

quixfox the Petrodigitator (GrEE)                  Turns: 93534, Time: 07:51:43

HP:   -10/186 (190) AC: 40    Str: 18    XL:     26   Next: 81%
MP:   39/63         EV: 14    Int: 31    God:    Vehumet [******]
Gold: 5831          SH: 17    Dex: 14    Spells: 12/62 levels left

rFire   + + +      SeeInvis .   a - +3 Elemental Staff {rElec rF++ rC++ AC+5}
rCold   + + +      Faith    .   L - +5 kite shield {reflect}
rNeg    + . .      Spirit   .   V - +2 robe {Archmagi}
rPois   ∞          Reflect  +   Z - +1 helmet of Noiqenaj {rF+ MP+9}
rElec   +          Harm     .   D - +2 cloak {Will+}
rCorr   .          Rampage  .   o - +2 pair of gloves
Will    +++..      Archmagi +   i - +0 pair of boots of the Snake Pit {Will+ Slay+3}
Stlth   ++++......              B - amulet "Loynlarch" {RegenMP Fly Str+3 Dex+2}
HPRegen 0.41/turn               C - ring "Suonwun" {Wiz rC++ MP+9}
MPRegen 0.78/turn               I - +6 ring of intelligence

@: about to teleport, doom-hounded, flying, studying Stealth, lightly drained
A: sickness immunity, AC +20, big wings, negative energy resistance 1,
electricity resistance, torment resistance 1, petrification resistance, thin
skeletal structure 1
}: 3/15 runes: decaying, serpentine, silver
a: Renounce Religion


You were on level 2 of the Realm of Zot.
You worshipped Vehumet.
Vehumet was exalted by your worship.
You visited 11 branches of the dungeon, and saw 48 of its levels.
You also visited: Gauntlet, Ice Cave and Volcano.

You collected 10233 gold pieces.
You spent 4402 gold pieces at shops.

Inventory:

Hand Weapons
 a - the +3 Elemental Staff (weapon) {rElec rF++ rC++ AC+5}
   (You took it off a wizard on level 3 of the Depths)

   If the wielder is skilled in Evocations, they can discharge powerful blasts
   of elemental energy when striking with it.
   It enhances your fire, ice, earth and air magic.
   AC:        It affects your AC (+5).
   rF:        It greatly protects you from fire.
   rC:        It greatly protects you from cold.
   rElec:     It insulates you from electricity.
 b - a +3 vampiric demon whip
Armour
 i - the +0 pair of boots of the Snake Pit (worn) {Will+ Slay+3}
   (You found it on level 1 of the Realm of Zot)

   Slay:      It affects your accuracy & damage with ranged weapons and melee
   (+3).
   Will:      It increases your willpower.
 o - a +2 pair of gloves (worn)
 D - a +2 cloak of willpower (worn)
 L - a +5 kite shield of reflection (worn)
 N - the +4 skin of Zhor {*Englaciate rC+++ SInv}
   (You found it in an ice cave)

   It radiates cold, occasionally slowing all nearby creatures who are not
   resistant to cold.
   rC:        It renders you almost immune to cold.
   SInv:      It lets you see invisible.
 V - a +2 robe of the Archmagi (worn)
 Z - the +1 helmet of Noiqenaj (worn) {rF+ MP+9}
   (You found it on level 5 of the Vaults)

   rF:        It protects you from fire.
   MP:        It affects your magic capacity (+9).
Jewellery
 q - the ring of Baobikug {Ice rN++ Str-5}
   (You took it off a wizard on level 3 of the Depths)

   [ring of ice]

   It enhances your ice magic.
   Str:       It affects your strength (-5).
   rF:        It makes you vulnerable to fire.
   rC:        It protects you from cold.
   rN:        It greatly protects you from negative energy.
 w - the ring "Guisadghu" {Dex+2 SInv}
   (You found it on level 2 of the Depths)

   [ring of see invisible]

   Dex:       It affects your dexterity (+2).
   SInv:      It lets you see invisible.
 B - the amulet "Loynlarch" (around neck) {RegenMP Fly Str+3 Dex+2}
   (You found it on level 4 of the Swamp)

   [amulet of magic regeneration]

   It increases your rate of magic regeneration.
   Str:       It affects your strength (+3).
   Dex:       It affects your dexterity (+2).
   Fly:       It grants you flight.
 C - the ring "Suonwun" (left hand) {Wiz rC++ MP+9}
   (You took it off a deep elf zephyrmancer on level 3 of the Elven Halls)

   [ring of wizardry]

   It improves your spell success rate.
   rC:        It greatly protects you from cold.
   MP:        It affects your magic capacity (+9).
 I - a +6 ring of intelligence (right hand)
 J - the ring of Guineuc {rF+ Dex+6}
   (You found it on level 2 of the Depths)

   [ring of dexterity]

   Dex:       It affects your dexterity (+6).
   rF:        It protects you from fire.
 M - a ring of willpower
 Y - the ring of Fager {rPois rN+ rCorr}
   (You found it on level 3 of the Crypt)

   [ring of positive energy]

   rPois:     It protects you from poison.
   rN:        It protects you from negative energy.
   rCorr:     It protects you from acid and corrosion.
Wands
 j - a wand of iceblast (54)
 l - a wand of polymorph (11)
 n - a wand of digging (3)
 y - a wand of paralysis (44)
 F - a wand of flame (43)
 G - a wand of light (15)
 W - a wand of mindburst (5)
Scrolls
 f - 21 scrolls of teleportation
 h - 7 scrolls of poison
 r - 30 scrolls of identify
 u - 11 scrolls of fog
 A - 8 scrolls of magic mapping
 E - 4 scrolls of enchant armour
 H - 5 scrolls of enchant weapon
 Q - 9 scrolls of amnesia
 R - 7 scrolls of fear
 T - 2 scrolls of summoning
 U - 4 scrolls of immolation
 X - 8 scrolls of blinking
Potions
 c - 8 potions of lignification
 d - 8 potions of haste
 e - 15 potions of curing
 g - 9 potions of heal wounds
 k - 5 potions of cancellation
 m - 14 potions of brilliance
 p - 7 potions of ambrosia
 s - 2 potions of might
 z - 3 potions of resistance
 O - 10 potions of mutation
 P - 5 potions of magic
 S - 4 potions of invisibility
Miscellaneous
 v - a box of beasts


   Skills:
 + Level 26.0 Fighting
 - Level 4.6 Staves
 + Level 8.7 Armour
 - Level 7.7 Dodging
 + Level 7.1 Stealth
 - Level 13.3 Shields
 + Level 18.6 Spellcasting
 - Level 16.5 Conjurations
 - Level 0.7 Transmutations
 - Level 19.5 Fire Magic
 O Level 27 Earth Magic
 - Level 7.0 Evocations


You had 12 spell levels left.
You knew the following spells:

 Your Spells              Type           Power      Damage    Failure   Level
a - Sandblast             Erth           100%       2d20      0%          1
b - Passwall              Tmut/Erth      100%       N/A       0%          2
c - Stone Arrow           Conj/Erth      100%       3d13      0%          3
d - Fireball              Conj/Fire      71%        3d27      1%          5
e - Borgnjor's Vile Clut  Necr/Erth      65%        N/A       1%          5
f - Sticky Flame          Conj/Fire      100%       2d11      0%          4
g - Lee's Rapid Deconstr  Erth           82%        3d37*     0%          5
h - Iron Shot             Conj/Erth      76%        9d14      1%          6
i - Lehudib's Crystal Sp  Conj/Erth      76%        10d17     1%          8
j - Shatter               Erth           82%        3d59*     1%          9
k - Blink                 Tloc           86%        N/A       1%          2

Your spell library contained the following spells:

 Spells                   Type           Power      Damage    Failure   Level
 Foxfire                  Conj/Fire      100%       2x1d9     0%          1
 Magic Dart               Conj           100%       1d8       0%          1
 Scorch                   Fire           100%       2d10      0%          2
 Searing Ray              Conj           100%       2d8       0%          2
 Conjure Flame            Conj/Fire      100%       6-21      0%          3
 Flame Wave               Conj/Fire      100%       2d17      0%          4
 Freeze                   Ice            100%       1d11      1%          1
 Necrotise                Necr           100%       1d9       1%          1
 Shock                    Conj/Air       100%       1d9       1%          1
 Summon Small Mammal      Summ           100%       N/A       1%          1
 Ensorcelled Hibernation  Hex/Ice        100%       N/A       1%          2
 Static Discharge         Conj/Air       100%       3-16/arc  1%          2
 Frozen Ramparts          Ice            100%       1d12      1%          3
 Inner Flame              Hex/Fire       100%       N/A       1%          3
 Animate Armour           Summ/Erth      100%       N/A       1%          4
 Fulminant Prism          Conj/Hex       44%        3d20      1%          4
 Hailstorm                Conj/Ice       100%       3d20      1%          4
 Iskenderun's Mystic Bla  Conj/Tloc      88%        2d17      1%          4
 Leda's Liquefaction      Hex/Erth       65%        N/A       1%          4
 Petrify                  Tmut/Erth      100%       N/A       1%          4
 Iskenderun's Battlesphe  Conj           100%       2d15      1%          5
 Lightning Bolt           Conj/Air       55%        1d77      1%          5
 Conjure Ball Lightning   Conj/Air       55%        3x3d20    1%          6
 Starburst                Conj/Fire      71%        6d18      1%          6
 Orb of Destruction       Conj           57%        9d14      1%          7
 Ignition                 Fire           73%        3d19      1%          8
 Call Canine Familiar     Summ           43%        N/A       3%          3
 Gell's Gravitas          Tloc           43%        N/A       3%          3
 Lesser Beckoning         Tloc           43%        N/A       3%          3
 Ozocubu's Armour         Ice            60%        N/A       3%          3
 Summon Guardian Golem    Hex/Summ       43%        N/A       3%          3
 Swiftness                Air            60%        N/A       3%          3
 Teleport Other           Tloc           43%        N/A       3%          3
 Tukima's Dance           Hex            43%        N/A       3%          3
 Vampiric Draining        Necr           43%        2d9       3%          3
 Airstrike                Air            30%        0-10+     3%          4
 Yara's Violent Unravell  Hex/Tmut       23%        3d10      7%          5
 Ice Form                 Ice/Tmut       63%        N/A       9%          4
 Spellforged Servitor     Conj/Summ      44%        N/A       9%          7
 Anguish                  Hex/Necr       21%        N/A       11%         4
 Animate Dead             Necr           43%        N/A       11%         4
 Cause Fear               Hex            21%        N/A       11%         4
 Corpse Rot               Necr/Pois/Air  60%        N/A       11%         4
 Dispel Undead            Necr           43%        3d17      11%         4
 Passage of Golubria      Tloc           43%        N/A       11%         4
 Fire Storm               Conj/Fire      71%        8d18      17%         9
 Blade Hands              Tmut           25%        N/A       21%         5
 Alistair's Intoxication  Tmut/Pois      30%        N/A       24%         5
 Agony                    Necr           43%        N/A       28%         5
 Metabolic Englaciation   Hex/Ice        30%        N/A       28%         5
 Silence                  Hex/Air        30%        N/A       28%         5
 Summon Forest            Summ/Tloc      21%        N/A       28%         5
 Eringya's Noxious Bog    Tmut/Pois      23%        N/A       32%         6
 Death Channel            Necr           21%        N/A       82%         6
 Simulacrum               Ice/Necr       30%        N/A       82%         6
 Summon Cactus Giant      Summ           21%        N/A       82%         6
 Ozocubu's Refrigeration  Ice            30%        4d11      85%         7
 Chain Lightning          Conj/Air       55%        3d73      99%         9
 Enfeeble                 Hex            21%        N/A       100%        7
 Haunt                    Necr/Summ      21%        N/A       100%        7
 Summon Hydra             Summ           21%        N/A       100%        7
 Borgnjor's Revivificati  Necr           21%        N/A       100%        8
 Discord                  Hex            21%        N/A       100%        8
 Infestation              Necr           21%        N/A       100%        8
 Maxwell's Capacitive Co  Air            30%        ∞         100%        8
 Necromutation            Tmut/Necr      23%        N/A       100%        8
 Death's Door             Necr           21%        N/A       100%        9


Dungeon Overview and Level Annotations

Branches:
Dungeon (15/15)            Temple (1/1) D:6            Lair (5/5) D:9
  Swamp (4/4) Lair:2        Snake (4/4) Lair:3        Slime (0/5) Lair:5
    Orc (2/2) D:10            Elf (3/3) Orc:2        Vaults (5/5) D:14
  Crypt (3/3) Vaults:2       Tomb (0/3) Crypt:3      Depths (4/4) D:15
    Zot (2/5) Depths:4      IceCv (visited)         Volcano (visited)
Gauntlet (visited)

Altars:
Ashenzari
Cheibriados
Dithmenos
Elyvilon
Fedhas
Gozag
Hepliaklqana
Kikubaaqudgha
Makhleb
Nemelex Xobeh
Okawaru
Qazlal
Ru
Sif Muna
Trog
Uskayaw
Vehumet
Wu Jian
Xom
Yredelemnul
Zin
The Shining One

Shops:
D:1 [   Orc:2 :*(?   Elf:3 =   Snake:1 =   Snake:4 (?(??   Vaults:3 (
Vaults:4 *([   Depths:1 =:=

Portals:
Hell: Depths:1 Depths:2 Depths:3 Depths:4
Abyss: Depths:2 Depths:3
Pandemonium: Orc:2 Depths:2 Depths:3
Ziggurat: Depths:1

Annotations:
D:2 Sigmund
Lair:1 exclusion: oklob plant
Lair:2 3 runed translucent doors, Caestello's ghost, journeyman GrFE
Vaults:2 36 runed doors
Vaults:3 2 transporters
Zot:2 Grunn


Innate Abilities, Weirdness & Mutations

You are immune to sickness and miasma.
Your stone body is resilient. (AC +20)
You are immune to poison.
Your large and strong wings let you fly.
You resist negative energy. (rN+)
You are resistant to electric shocks. (rElec)
You are resistant to unholy torment.
You are immune to petrification.
You have a somewhat thin skeletal structure. (Dex +2, Stealth+)


Message History

The doom hound bites you! The doom hound barely misses you.
You block the doom hound's attack. x2; The doom hound misses you.
The doom hound claws you!
The doom hound attacks as you move away!
The doom hound bites you!
The doom hound claws you but does no damage.
You block the doom hound's attack. The doom hound claws you!
The bone dragon bites you but does no damage.
You block the bone dragon's attack.
The bone dragon tramples you but does no damage.
A bone dragon comes into view.
As you read the scroll of teleportation, it crumbles to dust.
You feel strangely unstable.
You feel the Orb delaying your translocation!
The doom hound bites you but does no damage.
The doom hound claws you!! Grunn closely misses you. The bone dragon bites you!
The bone dragon claws you but does no damage.
You block the bone dragon's attack. The doom hound bites you!!
You block the doom hound's attack.
The bone dragon attacks as you move away!
You block the bone dragon's attack. The bone dragon barely misses you.
You block the bone dragon's attack. You block the doom hound's attack.
The doom hound claws you.
* * * LOW HITPOINT WARNING * * *
The bone dragon attacks as you move away!
You block the bone dragon's attack. x2; The bone dragon tramples you.
* * * LOW HITPOINT WARNING * * *
The bone dragon attacks as you move away!
The bone dragon bites you!
* * * LOW HITPOINT WARNING * * *
The bone dragon claws you but does no damage.
The bone dragon tramples you but does no damage.
The doom hound attacks as you move away!
You block the doom hound's attack. The doom hound claws you!
* * * LOW HITPOINT WARNING * * *
The doom hound attacks as you move away!
You block the doom hound's attack. x2; The doom hound bites you!
* * * LOW HITPOINT WARNING * * *
The doom hound claws you!!
You die...

............ . ...........
......#.........# .
............#.........# ..
.............#..2......# ...
.......................##....
.............................
................@h...........
.................hD.y§.†.....
..[..............DD...#......
#..........#....g§.# .....
#....#...[###.....## ..##
#....#....# ##...## ..#
#.........# ##### ..
#.........# . #.#.....#.#


You could see Grunn, 2 bone dragons, a shadow dragon (berserk), 2 doom hounds, a
moth of wrath and a tormentor.

Vanquished Creatures
  2 ancient liches
  Mara (Depths:3)
  5 juggernauts
  Sojobo (Vaults:4)
  Boris (twice) (Depths:3 Crypt:3)
  Bai Suzhen (Elf:2)
  3 shard shrikes (Depths:3)
  Margery (Vaults:2)
  A caustic shrike (Depths:1)
  5 golden dragons
  Nikola (Snake:3)
  Jory (Vaults:4)
  2 bone dragons
  An electric golem (Zot:1)
  A profane servitor (Crypt:2)
  7 tentacled monstrosities
  An iron giant (Depths:3)
  5 hellephants (Depths:3)
  A doom hound (Zot:2)
  6 liches
  Mlioglotl (Swamp:4)
  6 titans
  2 deep elf blademasters (Elf:3)
  A walking frostbound tome (Depths:2)
  5 quicksilver dragons
  2 deep elf master archers (Elf:3)
  Gastronok (Lair:1)
  5 ancient champions
  7 sphinxes
  2 death cobs (Zot:2)
  A thorn hunter (Swamp:4)
  4 shadow dragons
  Roxanne (Elf:3)
  14 storm dragons
  5 nagarajas
  Donald (Vaults:2)
  9 tengu reavers
  A draconian monk (Depths:4)
  12 fire giants
  A revenant (Crypt:2)
  5 deep elf sorcerers
  6 iron dragons
  19 frost giants
  A draconian knight (Depths:4)
  18 vault wardens
  Aizul (Vaults:1)
  A ghoul (Crypt:1)
  A balrug (Depths:2)
  Louise (Depths:2)
  2 juggernaut zombies
  4 deep elf elementalists (Elf:3)
  9 war gargoyles
  A curse skull (Crypt:2)
  25 ironbound preservers
  2 draconian stormcallers (Zot:1)
  A reaper (Depths:3)
  A spriggan defender (Depths:2)
  16 stone giants
  24 very ugly things
  5 vampire knights
  3 green draconians
  2 eleionomae (Swamp:4)
  5 deep elf demonologists
  8 ironbound thunderhulks
  2 bunyips
  3 black draconians
  The ghost of buhh the Bewitcher, a journeyman FeVM of Dithmenos (Vaults:3)
  2 grey draconians (Depths:4)
  10 deep elf annihilators
  4 spark wasps
  2 red draconians (Depths:4)
  2 white draconians (Zot:1)
  15 dire elephants
  A minotaur (Gauntlet)
  3 yellow draconians
  An entropy weaver (Vaults:1)
  An eidolon (Crypt:2)
  A fire dragon (shapeshifter) (Depths:1)
  4 crystal guardians
  4 shambling mangroves
  7 deep elf death magi
  2 pearl dragon zombies (Crypt:2)
  14 yaktaur captains
  13 jiangshi
  15 ettins
  10 fire dragons
  6 ice dragons
  3 deep elf high priests
  A hell beast (Depths:2)
  22 hydras
  31 vault guards
  A peacekeeper (Vaults:3)
  7 salamander tyrants
  3 boulder beetles
  13 great orbs of eyes
  3 rakshasas
  2 spriggan air magi
  2 demonspawn (Orc:2)
  7 ogre magi
  10 ironbound frosthearts
  A catoblepas (D:15)
  10 centaur warriors
  A ghost crab (Swamp:3)
  9 anacondas
  7 alligators
  4 two-headed ogres
  6 death knights
  8 death yaks
  3 deep troll shamans
  9 naga warriors
  41 dancing weapons
  9 deep troll earth magi
  7 tengu warriors
  2 titan zombies
  5 vampire magi
  7 spriggan berserkers
  4 shock serpents
  7 orc high priests (Orc:2)
  3 hell hogs (Crypt:2)
  13 hell knights
  6 naga sharpshooters
  A spectral death yak (Lair:5)
  33 skeletal warriors
  A fire crab (Volcano)
  3 soul eaters
  18 deep elf knights
  3 iron trolls
  A sea snake (Snake:1)
  A bunyip zombie (Crypt:2)
  A death drake (Gauntlet)
  A storm dragon skeleton (Depths:2)
  5 flayed ghosts
  A goliath frog (shapeshifter) (Vaults:5)
  5 goliath frogs
  A golden dragon zombie (Crypt:3)
  A shadow demon (Depths:2)
  2 sea snakes (shapeshifter)
  A quicksilver dragon simulacrum (Depths:2)
  4 salamander mystics
  69 deep trolls
  3 spriggan druids (Swamp:1)
  8 swamp dragons
  3 glowing orange brains
  An obsidian statue (Lair:5)
  9 wizards
  A spectral anaconda (Lair:5)
  4 naga ritualists
  3 bog bodies
  14 deep elf archers
  16 ironbound convokers
  15 necromancers
  An orange crystal statue (Elf:2)
  8 phantasmal warriors
  6 orc knights
  A harpy (shapeshifter) (Elf:1)
  9 lindwurms
  24 deep elf pyromancers
  33 deep elf zephyrmancers
  2 iron dragon zombies
  A harpy (Vaults:3)
  A wolf spider zombie (Gauntlet)
  6 orc sorcerers
  15 mana vipers
  A mana viper (shapeshifter) (D:14)
  A sphinx zombie (Depths:2)
  2 frost giant zombies (Depths:2)
  17 salamanders
  7 manticores
  A stone giant zombie (Crypt:2)
  2 manticores (shapeshifter) (Vaults:5)
  10 moths of wrath (Zot:1)
  3 will-o-the-wisps
  A shining eye (shapeshifter) (Vaults:4)
  40 ugly things
  31 black mambas
  A water nymph (shapeshifter) (Elf:2)
  7 cyclopes
  A black mamba (shapeshifter) (Elf:2)
  3 dire elephant zombies
  4 apis skeletons (Crypt:2)
  2 centaur zombies
  5 elephants
  An ice statue (IceCv)
  Maurice (D:8)
  20 naga magi
  22 vault sentinels
  2 guardian serpents
  An orange demon (Depths:2)
  A smoke demon (Depths:2)
  An apocalypse crab (Gauntlet)
  A rust devil (Depths:3)
  2 dire elephant skeletons
  7 cane toads
  A naga skeleton (Crypt:3)
  A white draconian zombie (Crypt:2)
  A gargoyle (D:12)
  An unseen horror (shapeshifter) (D:14)
  3 kobold demonologists (D:13)
  6 freezing wraiths
  2 rime drakes (Lair:1)
  A tormentor (Zot:2)
  A torpor snail (shapeshifter) (D:14)
  3 unseen horrors
  25 yaktaurs
  3 tengu conjurers
  4 harpy zombies
  5 ice devils
  An entropy weaver simulacrum (IceCv)
  8 komodo dragons
  An anaconda simulacrum (IceCv)
  A purple draconian skeleton (Crypt:1)
  2 efreet
  2 hellwings
  A hydra zombie (Crypt:3)
  A meliai (D:14)
  2 red devils
  A komodo dragon (shapeshifter) (Vaults:5)
  A meliai (shapeshifter) (D:14)
  6 hornets
  3 bloated husks
  A death drake zombie (Crypt:1)
  7 tyrant leeches
  A merfolk (shapeshifter) (Vaults:5)
  A polar bear (Lair:3)
  A spectral elephant (Lair:5)
  9 trolls
  A wind drake (shapeshifter) (D:14)
  63 slime creatures
  An ettin zombie (Crypt:2)
  A harpy skeleton (Crypt:2)
  A jumping spider zombie (Crypt:2)
  6 blink frogs
  A dream sheep (shapeshifter) (Vaults:5)
  A fire dragon zombie (Crypt:3)
  A spectral meliai (Gauntlet)
  2 culicivoras (shapeshifter)
  2 fire dragon skeletons
  8 spriggans
  4 air elementals
  A merfolk skeleton (Crypt:3)
  A ynoxinul (Depths:2)
  2 fire elementals (Elf:1)
  40 flying skulls
  2 water elementals
  9 wraiths
  A black mamba skeleton (Crypt:2)
  A dire elephant simulacrum (IceCv)
  6 basilisks
  24 yaks
  9 wyverns
  A tyrant leech zombie (Crypt:1)
  5 steam dragons
  A redback (shapeshifter) (Vaults:2)
  2 chaos spawn
  2 death yak simulacra
  A neqoxec (Depths:2)
  3 redbacks
  3 harpy simulacra
  17 vampire mosquitoes
  A warg (Orc:2)
  47 nagas
  2 spectral cane toads (Lair:5)
  5 acid dragons
  A swamp worm (shapeshifter) (D:14)
  22 swamp worms
  11 water moccasins
  A swamp drake (shapeshifter) (Vaults:5)
  A floating eye (shapeshifter) (D:14)
  27 orc warriors
  A floating eye (Depths:2)
  2 ice beasts
  10 swamp drakes
  3 black bears
  An elephant zombie (Lair:5)
  11 ogres
  An ogre (shapeshifter) (Vaults:5)
  4 boggarts (Vaults:2)
  An eye of devastation zombie (Crypt:1)
  A blink frog zombie (Crypt:2)
  8 centaurs
  A phantom (D:5)
  3 elephant skeletons
  4 kobold brigands
  A vine stalker zombie (Crypt:2)
  10 bullfrogs
  6 earth elementals
  6 necrophages
  2 cane toad simulacra (IceCv)
  A gnoll sergeant (D:10)
  4 two-headed ogre simulacra (IceCv)
  2 scorpions
  10 wights
  5 killer bees
  6 elephant simulacra
  A warg skeleton (Crypt:1)
  A howler monkey (D:6)
  An electric eel (Lair:2)
  19 orc priests
  A hound (D:4)
  4 jellies
  A spectral boggart (Gauntlet)
  2 iguanas
  16 orc wizards
  Natasha (thrice) (D:4)
  3 polar bear simulacra
  5 hell rats
  5 spriggan simulacra (IceCv)
  7 troll simulacra (IceCv)
  3 wolf simulacra
  5 yak simulacra (Lair:5)
  Robin (D:2)
  5 adders
  4 gnolls (D:10)
  6 naga simulacra (IceCv)
  A river rat (shapeshifter) (Depths:1)
  A shadow imp (D:7)
  6 white imps
  6 ufetubi
  A lava snake zombie (Crypt:1)
  3 worms
  2 dart slugs
  71 orcs
  8 ball pythons
  11 endoplasms
  3 giant cockroaches
  13 goblins
  8 hobgoblins
  5 jackals
  3 quokkas
  A ball python zombie (Crypt:1)
  2 bats
  2 frilled lizards
  A jackal zombie (Crypt:2)
  22 kobolds
  6 rats
  4 river rat simulacra (Lair:5)
  A river rat skeleton (Crypt:2)
2040 creatures vanquished.

Vanquished Creatures (collateral kills)
  2 slime creatures (D:12)
2 creatures vanquished.

Vanquished Creatures (others)
  A frost giant (Depths:3)
  A deep elf archer (Elf:3)
  2 foxfires (Swamp:1)
  15 fungi
  31 plants
  27 withered plants (Lair:5)
77 creatures vanquished.

Grand Total: 2119 creatures vanquished

Notes
Turn   | Place    | Note
-------+----------+-------------------------------------------
     0 | D:1      | quixfox the Gargoyle Earth Elementalist began the quest for
                  | the Orb.
     0 | D:1      | Reached XP level 1. HP: 10/10 MP: 3/3
   166 | D:1      | Reached skill level 4 in Earth Magic
   166 | D:1      | Reached XP level 2. HP: 15/15 MP: 3/5
   563 | D:1      | Found Jalatzow's Armour Boutique.
  1047 | D:2      | Found a sparkling altar of Nemelex Xobeh.
  1105 | D:2      | Reached XP level 3. HP: 19/19 MP: 4/6
  1108 | D:2      | Learned a level 2 spell: Passwall
  1112 | D:2      | Learned a level 3 spell: Stone Arrow
  1396 | D:2      | Noticed Sigmund
  1654 | D:2      | Noticed Robin
  1743 | D:2      | Killed Robin
  1744 | D:2      | Reached skill level 1 in Conjurations
  2099 | D:2      | Reached XP level 4. HP: 24/24 MP: 5/8
  2654 | D:2      | Found a faded altar of an unknown god.
  3301 | D:4      | Reached skill level 5 in Earth Magic
  3444 | D:4      | Reached XP level 5. HP: 24/28 MP: 4/9
  3977 | D:4      | Noticed Natasha
  3980 | D:4      | Killed Natasha
  4035 | D:4      | Reached XP level 6. HP: 32/32 MP: 9/11
  4059 | D:4      | Noticed Natasha
  4066 | D:4      | Killed Natasha
  4109 | D:4      | Learned a level 5 spell: Fireball
  4137 | D:4      | Noticed Natasha
  4159 | D:4      | Killed Natasha
  4457 | D:5      | Entered Level 5 of the Dungeon
  4473 | D:5      | Identified the +9 quarterstaff of Evil {drain, Int+5 Dex-2}
  4586 | D:5      | Reached skill level 1 in Fire Magic
  4586 | D:5      | Reached skill level 6 in Earth Magic
  4657 | D:5      | Found a burning altar of Makhleb.
  4657 | D:5      | Found a shimmering blue altar of Sif Muna.
  4659 | D:5      | Found a broken altar of Ashenzari.
  4671 | D:5      | Reached XP level 7. HP: 36/36 MP: 9/13
  5202 | D:5      | Found a glowing golden altar of the Shining One.
  5398 | D:6      | Found a staircase to the Ecumenical Temple.
  5416 | Temple   | Entered the Ecumenical Temple
  5515 | Temple   | Became a worshipper of Vehumet
  5728 | D:6      | Reached XP level 8. HP: 31/41 MP: 11/15
  5887 | D:6      | Reached skill level 7 in Earth Magic
  5894 | D:6      | Reached skill level 5 in Spellcasting
  6049 | D:6      | Reached skill level 5 in Conjurations
  6643 | D:7      | Reached skill level 1 in Fighting
  6643 | D:7      | Reached skill level 1 in Staves
  6643 | D:7      | Reached skill level 1 in Armour
  7108 | D:7      | Reached XP level 9. HP: 48/48 MP: 13/17
  7487 | D:7      | Found a snail-covered altar of Cheibriados.
  7588 | D:8      | Noticed a two-headed ogre
  7759 | D:8      | Reached * piety under Vehumet
  7759 | D:8      | Offered knowledge of Freeze by Vehumet.
  7858 | D:8      | Reached skill level 8 in Earth Magic
  8606 | D:7      | Reached XP level 10. HP: 41/56 MP: 16/19
  8688 | D:8      | Offered knowledge of Static Discharge by Vehumet.
  8689 | D:8      | Reached skill level 5 in Fire Magic
  8690 | D:8      | Reached ** piety under Vehumet
  8890 | D:8      | Noticed Maurice
  9001 | D:8      | Killed Maurice
  9109 | D:9      | Found a staircase to the Lair.
  9109 | D:9      | Noticed an elephant
  9601 | D:9      | Reached skill level 9 in Earth Magic
  9700 | D:8      | Killed an elephant
  9701 | D:8      | Reached skill level 5 in Fighting
  9701 | D:8      | Reached skill level 5 in Armour
 10092 | D:9      | Offered knowledge of Poisonous Vapours by Vehumet.
 10188 | D:10     | Entered Level 10 of the Dungeon
 10237 | D:10     | Found a staircase to the Orcish Mines.
 10279 | D:10     | Found a shadowy altar of Dithmenos.
 10434 | D:10     | Reached XP level 11. HP: 57/64 MP: 19/21
 10599 | D:10     | Reached *** piety under Vehumet
 11056 | Lair:1   | Entered Level 1 of the Lair of Beasts
 11056 | Lair:1   | Noticed Gastronok
 11072 | Lair:1   | Killed Gastronok
 11239 | Lair:1   | Noticed an oklob plant
 11275 | Lair:1   | Found a gate leading to a gauntlet.
 11284 | Gauntlet | Entered a Gauntlet
 11284 | Gauntlet | Found a transporter.
 11291 | Gauntlet | Noticed a death drake
 11293 | Gauntlet | Found a transporter.
 11297 | Gauntlet | Found a transporter.
 11297 | Gauntlet | Noticed an obsidian statue
 11298 | Gauntlet | Found a transporter.
 11301 | Gauntlet | Found a transporter.
 11302 | Gauntlet | Found a transporter.
 11306 | Gauntlet | Found a runed translucent door.
 11310 | Gauntlet | Found a runed translucent door.
 11311 | Gauntlet | Noticed a six-headed hydra
 11312 | Gauntlet | Found a transporter.
 11328 | Gauntlet | Found a transporter.
 11392 | Gauntlet | Found a transporter.
 11401 | Gauntlet | Found a transporter.
 11402 | Gauntlet | Found a transporter.
 11416 | Gauntlet | Found a transporter.
 11572 | Gauntlet | Killed a death drake
 11573 | Gauntlet | Reached skill level 10 in Earth Magic
 11595 | Gauntlet | Offered knowledge of Dazzling Flash by Vehumet.
 11672 | Gauntlet | Identified the amulet "Afeuc" {Contam Regen+ Int+3 Dex+3}
 11712 | Gauntlet | Noticed a minotaur
 11737 | Gauntlet | Killed a minotaur
 11757 | Gauntlet | Identified the +0 scale mail of Eruek {Harm Str-2 Int+6
                  | SInv}
 12069 | Lair:1   | Learned a level 5 spell: Borgnjor's Vile Clutch
 12676 | D:1      | Bought the +1 robe of Galeemok {Int+8 Dex-4 Slay+6} for 509
                  | gold pieces
 12811 | D:9      | Reached XP level 12. HP: 61/71 MP: 23/23
 12899 | Lair:2   | Learned a level 4 spell: Sticky Flame
 12990 | Lair:2   | Found a dark tunnel.
 13009 | Volcano  | Entered a volcano
 13310 | Lair:2   | Noticed Caestello's ghost (journeyman GrFE)
 13311 | Lair:2   | Noticed an ice dragon
 13365 | Lair:2   | Found a runed translucent gate.
 13365 | Lair:2   | Found a runed translucent gate.
 13374 | Lair:2   | Found a runed translucent gate.
 13648 | Lair:2   | Found a staircase to the Swamp.
 14139 | Lair:3   | Noticed a six-headed hydra
 14186 | Lair:3   | Killed a six-headed hydra
 14187 | Lair:3   | Reached skill level 1 in Evocations
 14238 | Lair:3   | Found a staircase to the Snake Pit.
 14304 | Lair:3   | Noticed a four-headed hydra
 14309 | Lair:3   | Killed a four-headed hydra
 14382 | Lair:3   | Reached skill level 11 in Earth Magic
 14382 | Lair:3   | Reached **** piety under Vehumet
 15456 | Lair:4   | Reached skill level 10 in Conjurations
 15456 | Lair:4   | Reached skill level 12 in Earth Magic
 15456 | Lair:4   | Reached XP level 13. HP: 78/78 MP: 24/26
 15469 | Lair:4   | Offered knowledge of Flame Wave by Vehumet.
 15660 | Lair:4   | Gained mutation: Your large and strong wings let you fly.
                  | [Gargoyle growth]
 15660 | Lair:4   | Reached XP level 14. HP: 58/83 MP: 11/27
 16094 | Lair:5   | Entered Level 5 of the Lair of Beasts
 16138 | Lair:5   | Found a frozen archway.
 16486 | IceCv    | Entered an ice cave
 16729 | IceCv    | Reached ***** piety under Vehumet
 16729 | IceCv    | Offered knowledge of Lee's Rapid Deconstruction by Vehumet.
 16755 | IceCv    | Reached skill level 5 in Dodging
 16789 | IceCv    | Learned a level 5 spell: Lee's Rapid Deconstruction
 17339 | IceCv    | Found the +4 skin of Zhor {*Englaciate rC+++ SInv}
 17701 | Lair:5   | Found a staircase to the Slime Pits.
 18774 | Lair:5   | Noticed a dire elephant
 18774 | Lair:5   | Noticed a dire elephant
 18774 | Lair:5   | Noticed a dire elephant
 18779 | Lair:5   | Noticed a dire elephant
 18805 | Lair:5   | Reached skill level 10 in Spellcasting
 18835 | Lair:5   | Noticed a dire elephant
 18874 | Lair:5   | Killed a dire elephant
 18875 | Lair:5   | Reached skill level 13 in Earth Magic
 19456 | Lair:5   | Offered knowledge of Yara's Violent Unravelling by Vehumet.
 20280 | Lair:5   | Killed a dire elephant
 20625 | Lair:4   | Killed a dire elephant
 20779 | Lair:5   | Killed a dire elephant
 21147 | Lair:5   | Killed a dire elephant
 21949 | Orc:1    | Entered Level 1 of the Orcish Mines
 22455 | Orc:2    | Entered Level 2 of the Orcish Mines
 22458 | Orc:2    | Found a staircase to the Elven Halls.
 22739 | Orc:1    | Offered knowledge of Spellforged Servitor by Vehumet.
 22919 | Orc:2    | Reached XP level 15. HP: 90/90 MP: 27/29
 23511 | Orc:2    | Found Fuetzame's General Store.
 23512 | Orc:2    | Found Hatufoaw's Magic Scroll Emporium.
 23638 | Orc:2    | Reached skill level 5 in Evocations
 25507 | Orc:2    | Found Kudweysa's Book Shop.
 25507 | Orc:2    | Found Puashraoq's Antique Weapon Boutique.
 25507 | Orc:2    | Found a one-way gate leading to the halls of Pandemonium.
 25513 | Orc:2    | Bought a book of Iron for 540 gold pieces
 25520 | Orc:2    | Learned a level 6 spell: Iron Shot
 26604 | D:12     | Reached skill level 10 in Fighting
 26722 | D:12     | Offered knowledge of Irradiate by Vehumet.
 27242 | D:12     | Reached skill level 14 in Earth Magic
 27488 | D:12     | Noticed a frost giant
 27503 | D:12     | Reached skill level 10 in Fire Magic
 28290 | D:12     | Killed a frost giant
 28635 | D:12     | Identified the +5 leather armour of the Black Moon {rC+}
 29285 | D:12     | Noticed a frost giant
 29291 | D:12     | Killed a frost giant
 29292 | D:12     | Reached XP level 16. HP: 95/99 MP: 7/31
 31308 | D:13     | Offered knowledge of Orb of Destruction by Vehumet.
 31725 | D:13     | You are sucked into a shaft and drop 2 floors!
 31725 | D:15     | Entered Level 15 of the Dungeon
 33661 | D:14     | Reached skill level 15 in Earth Magic
 33901 | D:14     | Found a gate to the Vaults.
 34602 | D:14     | Reached skill level 1 in Shields
 35095 | D:15     | Found a staircase to the Depths.
 36466 | Snake:1  | Entered Level 1 of the Snake Pit
 37164 | Snake:1  | Reached XP level 17. HP: 106/106 MP: 16/33
 37414 | Snake:1  | Found Hirgheil's Jewellery Shop.
 39348 | Snake:2  | Offered knowledge of Lightning Bolt by Vehumet.
 39388 | Snake:2  | Reached skill level 16 in Earth Magic
 39726 | Snake:2  | Reached skill level 5 in Shields
 42176 | Snake:3  | Noticed Nikola
 42190 | Snake:3  | Killed Nikola
 43374 | Snake:4  | Entered Level 4 of the Snake Pit
 43374 | Snake:4  | Found Zalaf's Antique Weapon Shoppe.
 43374 | Snake:4  | Found Jaxyhaj's Magic Scroll Shoppe.
 43423 | Snake:4  | Found Fahir's Magic Scroll Shop.
 43457 | Snake:4  | Bought a scroll of blinking for 97 gold pieces
 43457 | Snake:4  | Bought a scroll of enchant armour for 97 gold pieces
 43457 | Snake:4  | Bought a scroll of enchant armour for 97 gold pieces
 44104 | Snake:4  | Reached XP level 18. HP: 114/114 MP: 8/34
 44311 | Snake:4  | Bought a scroll of fear for 76 gold pieces
 44311 | Snake:4  | Bought a scroll of teleportation for 57 gold pieces
 44311 | Snake:4  | Bought a scroll of teleportation for 57 gold pieces
 44311 | Snake:4  | Bought a scroll of magic mapping for 142 gold pieces
 44331 | Snake:4  | Found Doyteyde's Magic Scroll Shoppe.
 44453 | Snake:4  | Found Qyeheuma's Antique Weapon Shoppe.
 44930 | Snake:4  | Learned a level 8 spell: Lehudib's Crystal Spear
 45776 | Snake:4  | Reached skill level 17 in Earth Magic
 46084 | Snake:4  | Offered knowledge of Maxwell's Capacitive Coupling by
                  | Vehumet.
 46435 | Snake:4  | Got a serpentine rune of Zot
 46646 | Swamp:1  | Entered Level 1 of the Swamp
 49928 | Swamp:4  | Entered Level 4 of the Swamp
 50368 | Swamp:4  | Noticed Mlioglotl
 50936 | Swamp:4  | Reached ****** piety under Vehumet
 51055 | Swamp:4  | Killed Mlioglotl
 51056 | Swamp:4  | Reached skill level 18 in Earth Magic
 51184 | Swamp:4  | Reached XP level 19. HP: 122/122 MP: 33/35
 51909 | Swamp:4  | Offered knowledge of Fire Storm by Vehumet.
 51909 | Swamp:4  | Offered knowledge of Shatter by Vehumet.
 51909 | Swamp:4  | Offered knowledge of Chain Lightning by Vehumet.
 52134 | Swamp:4  | Identified the amulet "Loynlarch" {RegenMP Fly Str+3 Dex+2}
 52143 | Swamp:4  | Got a decaying rune of Zot
 52478 | Depths:1 | Entered Level 1 of the Depths
 52701 | Depths:1 | Reached skill level 10 in Shields
 52842 | Depths:1 | Reached skill level 15 in Fighting
 53120 | Depths:1 | Found a one-way gateway to a ziggurat.
 53236 | Depths:1 | Found Xoliash's Jewellery Boutique.
 53237 | Depths:1 | Found Caxud's Book Shoppe.
 53239 | Depths:1 | Found Podu's Jewellery Boutique.
 53380 | Depths:1 | Found a bloodstained altar of Trog.
 53457 | Depths:1 | Found a gateway to Hell.
 53610 | Depths:1 | Noticed a caustic shrike
 53610 | Depths:1 | Noticed a juggernaut
 53616 | Depths:1 | Killed a caustic shrike
 54259 | Vaults:1 | Entered Level 1 of the Vaults
 54895 | Vaults:1 | Noticed Aizul
 54902 | Vaults:1 | Killed Aizul
 56282 | Vaults:1 | Reached skill level 19 in Earth Magic
 57544 | Vaults:1 | Reached XP level 20. HP: 119/131 MP: 18/36
 59188 | Vaults:2 | Found a staircase to the Crypt.
 59315 | Vaults:2 | Reached skill level 15 in Conjurations
 60421 | Vaults:2 | Noticed Margery
 60930 | Vaults:2 | Found a huge runed gate.
 60930 | Vaults:2 | Found a huge runed gate.
 60930 | Vaults:2 | Found a huge runed gate.
 60930 | Vaults:2 | Found a huge runed gate.
 60930 | Vaults:2 | Found a huge runed gate.
 60930 | Vaults:2 | Found a huge runed gate.
 60930 | Vaults:2 | Found a huge runed gate.
 60931 | Vaults:2 | Found a huge runed gate.
 60931 | Vaults:2 | Found a huge runed gate.
 60931 | Vaults:2 | Found a huge runed gate.
 60935 | Vaults:2 | Found a huge runed gate.
 60935 | Vaults:2 | Found a huge runed gate.
 60935 | Vaults:2 | Found a huge runed gate.
 60935 | Vaults:2 | Found a huge runed gate.
 60935 | Vaults:2 | Found a huge runed gate.
 60936 | Vaults:2 | Found a huge runed gate.
 60937 | Vaults:2 | Found a huge runed gate.
 60938 | Vaults:2 | Found a huge runed gate.
 60939 | Vaults:2 | Found a huge runed gate.
 60947 | Vaults:2 | Found a huge runed gate.
 60947 | Vaults:2 | Found a huge runed gate.
 60947 | Vaults:2 | Found a huge runed gate.
 60947 | Vaults:2 | Found a huge runed gate.
 60947 | Vaults:2 | Found a huge runed gate.
 60948 | Vaults:2 | Found a huge runed gate.
 60949 | Vaults:2 | Found a huge runed gate.
 60950 | Vaults:2 | Found a huge runed gate.
 60951 | Vaults:2 | Found a huge runed gate.
 61114 | Vaults:2 | Found a huge runed gate.
 61114 | Vaults:2 | Found a huge runed gate.
 61114 | Vaults:2 | Found a huge runed gate.
 61114 | Vaults:2 | Found a huge runed gate.
 61114 | Vaults:2 | Found a huge runed gate.
 61114 | Vaults:2 | Found a huge runed gate.
 61115 | Vaults:2 | Found a huge runed gate.
 61116 | Vaults:2 | Found a huge runed gate.
 61424 | Vaults:2 | Reached skill level 20 in Earth Magic
 62145 | Vaults:2 | Killed Margery
 62423 | Vaults:2 | Upgraded the game from 0.29-a0-887-gcbe080d7e0 to
                  | 0.29-a0-892-g2c4c91d9db
 62924 | Depths:1 | Killed a juggernaut
 62994 | Depths:1 | Bought a manual of Fighting for 1680 gold pieces
 63232 | Vaults:3 | Identified the +8 rapier of Wyrd {freeze, Fly rN++ rCorr
                  | Dex-3}
 63258 | Vaults:3 | Found Tefoy's Weapon Shoppe.
 64895 | Vaults:3 | Noticed a golden dragon
 64899 | Vaults:3 | Killed a golden dragon
 65066 | Vaults:3 | Found a transporter.
 65066 | Vaults:3 | Noticed buhh's ghost (journeyman FeVM)
 65087 | Vaults:3 | Found a transporter.
 65172 | Vaults:3 | Reached XP level 21. HP: 140/140 MP: 14/37
 68237 | Vaults:4 | Found Gozag's Antique Weapon Shop.
 68384 | Vaults:3 | Learned a level 9 spell: Shatter
 68989 | Vaults:4 | Noticed Jory
 69030 | Vaults:4 | Killed Jory
 69088 | Vaults:4 | Found Gozag's Antique Armour Boutique.
 69091 | Vaults:4 | Found an opulent altar of Gozag.
 69091 | Vaults:4 | Found Gozag's Assorted Antiques.
 69805 | Vaults:4 | Bought a shimmering helmet for 950 gold pieces
 69805 | Vaults:4 | Identified the +1 helmet of the Three Spirits {rC+ Will-
                  | Regen+ Str+2} (You bought it in a shop on level 4 of the
                  | Vaults)
 69805 | Vaults:4 | Bought a scroll labelled SIOSIW JEUG for 100 gold pieces
 69815 | Vaults:4 | Acquired 801 gold pieces
 70018 | Vaults:4 | Identified the ring of Jeyrch {Str+3 Dex+6 Slay+2 Stlth+}
 70712 | Depths:2 | Noticed a bone dragon
 70815 | Depths:1 | Reached skill level 21 in Earth Magic
 70921 | Depths:2 | Killed a bone dragon
 71316 | Depths:2 | Found a transporter.
 71461 | Depths:2 | Noticed Louise
 71478 | Depths:2 | Killed Louise
 71524 | Depths:2 | Found a one-way gate to the infinite horrors of the Abyss.
 71611 | Depths:2 | Reached XP level 22. HP: 148/148 MP: 29/40
 71756 | Depths:2 | Found a transporter.
 71889 | Depths:2 | Reached skill level 15 in Spellcasting
 72496 | Depths:3 | Noticed a juggernaut
 72504 | Depths:3 | Killed a juggernaut
 72636 | Depths:3 | Found a runed translucent door.
 72710 | Depths:3 | Noticed Mara
 72824 | Depths:3 | Killed Mara
 73637 | Depths:4 | Entered Level 4 of the Depths
 73681 | Depths:4 | Noticed a juggernaut
 73775 | Depths:4 | Killed a juggernaut
 73776 | Depths:4 | Reached skill level 22 in Earth Magic
 74115 | Depths:3 | You are sucked into a shaft and drop 1 floor!
 74434 | Depths:3 | Noticed Boris
 74445 | Depths:3 | Killed Boris
 75408 | Depths:4 | Noticed a golden dragon
 75433 | Depths:4 | Killed a golden dragon
 75487 | Depths:4 | Found a gate to the Realm of Zot.
 75841 | Depths:3 | Reached skill level 23 in Earth Magic
 76174 | Depths:3 | Reached XP level 23. HP: 162/162 MP: 21/42
 76397 | Depths:3 | Identified the ring of Baobikug {Ice rN++ Str-5}
 76733 | Depths:3 | Found a runed translucent door.
 76733 | Depths:3 | Noticed a shard shrike
 76733 | Depths:3 | Noticed a shard shrike
 76733 | Depths:3 | Noticed a shard shrike
 76734 | Depths:3 | Killed a shard shrike
 76737 | Depths:3 | Killed a shard shrike
 76739 | Depths:3 | Killed a shard shrike
 76941 | Depths:3 | Got the Octavo of Breath
 76943 | Depths:3 | Got the Tractate on the Snowflakes
 76949 | Depths:3 | Got Sif Muna's Tome of the Arsonist
 76953 | Depths:3 | Got the Atlas of Spelunking
 77099 | Depths:2 | Noticed a juggernaut
 77100 | Depths:2 | Noticed a juggernaut
 77112 | Depths:2 | Killed a juggernaut
 77114 | Depths:2 | Paralysed by a floating eye for 4 turns
 77220 | Depths:2 | Reached skill level 24 in Earth Magic
 77337 | Depths:2 | Killed a juggernaut
 77679 | Depths:2 | Identified the ring "Guisadghu" {Dex+2 SInv}
 77720 | Depths:2 | Identified the ring of Guineuc {rF+ Dex+6}
 78050 | Elf:1    | Entered Level 1 of the Elven Halls
 80379 | Elf:2    | Found a runed translucent gate.
 80380 | Elf:2    | Found a runed translucent gate.
 80380 | Elf:2    | Found a runed translucent gate.
 80910 | Elf:2    | Reached XP level 24. HP: 148/172 MP: 16/42
 81365 | Elf:3    | Entered Level 3 of the Elven Halls
 81365 | Elf:3    | Noticed Bai Suzhen
 81370 | Elf:2    | Reached skill level 25 in Earth Magic
 81466 | Elf:2    | Killed Bai Suzhen
 81739 | Elf:3    | Found Gereuv's Jewellery Shoppe.
 81796 | Elf:3    | Upgraded the game from 0.29-a0-892-g2c4c91d9db to
                  | 0.29-a0-902-g0f71de6fce
 81956 | Elf:3    | Identified Roxanne's Essays on Excavation
 81956 | Elf:3    | Noticed Roxanne
 82005 | Elf:3    | Killed Roxanne
 82381 | Elf:3    | Identified the +5 rapier "Kiugi" {spect, rElec rPois Will+}
 82573 | Elf:3    | Identified the +1 chain mail of Cynicism {rPois Str+5 Dex-4
                  | SInv}
 82603 | Elf:3    | Reached skill level 15 in Fire Magic
 82667 | Elf:3    | Identified the amulet of Rejuiwul {Spirit +Inv Int+3 Slay-5
                  | SInv}
 82674 | Elf:3    | Identified the +10 short sword of Resourcefulness {flame,
                  | rElec rF+}
 82675 | Elf:3    | Identified the +4 quarterstaff of Royalism {vorpal, Int+4}
 82676 | Elf:3    | Identified the +0 rapier of Instinct {vorpal, SInv}
 82890 | Elf:3    | Identified the +8 trident "Caett" {chaos, rPois Str-5 Dex+4
                  | Stlth+}
 82890 | Elf:3    | Identified the ring "Gocoe" {Fly rElec}
 82897 | Elf:3    | Identified the +6 acid dragon scales of the Flute {rF+
                  | rCorr}
 82897 | Elf:3    | Identified the ring "Suonwun" {Wiz rC++ MP+9}
 83130 | Elf:3    | Found the +3 hat of Pondering {ponderous, Will+ MP+10
                  | Int+5}
 83141 | Elf:3    | Got the Atlas of Earth and Orientation
 83155 | Elf:3    | Identified the +6 short sword of Majestic Action {vorpal,
                  | rPois rN+ rCorr Int+4}
 83158 | Elf:3    | Identified the +4 short sword of the Healing Oracle
                  | {vorpal, rElec Str-4 SInv}
 83683 | Crypt:1  | Entered Level 1 of the Crypt
 83695 | Crypt:1  | Noticed Donald
 83780 | Vaults:2 | Killed Donald
 84065 | Crypt:1  | You are sucked into a shaft and drop 1 floor!
 84431 | Crypt:1  | Reached skill level 26 in Earth Magic
 85603 | Crypt:1  | Found an ancient bone altar of Kikubaaqudgha.
 85755 | Crypt:2  | Reached XP level 25. HP: 141/178 MP: 9/43
 86150 | Crypt:2  | Found a basalt altar of Yredelemnul.
 86339 | Crypt:2  | Identified the +0 long sword of Asyets {flame, +Blink rElec
                  | rCorr Int-2}
 86539 | Crypt:3  | Entered Level 3 of the Crypt
 86874 | Crypt:3  | Noticed Boris
 87236 | Crypt:3  | Killed Boris
 87676 | Crypt:3  | Found an ancient bone altar of Kikubaaqudgha.
 87676 | Crypt:3  | Noticed an ancient lich
 87680 | Crypt:3  | Killed an ancient lich
 88049 | Crypt:3  | Found a staircase to the Tomb.
 88098 | Crypt:3  | Reached skill level 27 in Earth Magic
 88385 | Crypt:3  | Identified the ring "Izxetei" {rC+ rN+ Str+3}
 88385 | Crypt:3  | Identified the ring of Fager {rPois rN+ rCorr}
 88460 | Crypt:3  | Identified the +5 sling of Integrity {flame, Stlth+}
 89267 | Vaults:3 | Killed buhh's ghost
 89295 | Vaults:3 | Identified the ring of Naeczota {rF+ Str+5 Int-4 Dex+5}
 89378 | Vaults:5 | Entered Level 5 of the Vaults
 89407 | Vaults:5 | Noticed an ancient lich
 89411 | Vaults:5 | Killed an ancient lich
 89762 | Vaults:5 | Identified the +1 dire flail "Mygeack" {vorpal, Int+2}
 89762 | Vaults:5 | Gained mutation: You have a somewhat thin skeletal
                  | structure. (Dex +2, Stealth+) [a shining eye]
 89854 | Vaults:5 | Reached XP level 26. HP: 187/188 MP: 44/44
 90233 | Vaults:5 | Noticed Sojobo
 90621 | Vaults:4 | Killed Sojobo
 90670 | Vaults:5 | Identified the +9 trident of Big Damage {vorpal, rN+ Str+3}
 90673 | Vaults:5 | Identified the +6 falchion of the Bruised Leylines {flame,
                  | rElec Will- Str+7 Dex+4}
 90791 | Vaults:5 | Identified the +1 chain mail of Dogma {Dex+4}
 90939 | Vaults:5 | Identified the +1 short sword "Dovec Oxei" {freeze, rN++
                  | Str+2 Int+3 Stlth+}
 90950 | Vaults:5 | Got a silver rune of Zot
 90953 | Vaults:5 | Identified the +9 spear "Fomp" {pain, Int+3}
 91070 | Vaults:5 | Identified the +1 scale mail of Untruth {rPois}
 91092 | Vaults:5 | Identified the +1 helmet of Noiqenaj {rF+ MP+9}
 92112 | Zot:1    | Entered Level 1 of the Realm of Zot
 92562 | Zot:1    | Reached skill level 5 in Stealth
 92880 | Zot:1    | Identified the +0 pair of boots of the Snake Pit {Will+
                  | Slay+3}
 92996 | Zot:1    | Learned a level 2 spell: Blink
 93521 | Zot:2    | Noticed Grunn
 93534 | Zot:2    | Mangled by a doom hound

Illustrated notes

Levels and vault maps discovered:
D:1:      saegor_arrival_fortress, layout_loops_ring, serial_shops,
          shop_fountains, st_stairs_12, minmay_misc_feat_rows
D:2:      layout_basic, basic_altar, shapermc_ecumenical_altar_acropolis,
          grunt_ministairs_9, uniq_robin, uniq_sigmund
D:3:      layout_rooms, kennysheep_nondescript
D:4:      layout_layer_cave, uniq_natasha
D:5:      layout_loops_ring, tso_altar, grunt_temple_overflow_open, st_stairs_14
D:6:      layout_loops_ring, minmay_temple_entry_offerings
D:7:      layout_loops_corners, lemuel_coloured_pillars_altar,
          kennysheep_generic_room_2
D:8:      layout_cave_pools, uniq_maurice
D:9:      layout_long_grid, david_lair_generic, kennysheep_path_1
D:10:     layout_irregular_city, mainiacjoe_overflow_small_starburst,
          orc_0_dummy
D:11:     layout_basic, kennysheep_windowed_goal
D:12:     minmay_heptahexagon, layout_irregular_city
D:13:     layout_loops_cross
D:14:     cheibrodos_leafed_vault, layout_loops_cross,
          lightli_vaults_fourway_checkpoint, kennysheep_flooded_box
D:15:     grunt_enter_depths_giant_problem, layout_cave_pools,
          serial_co_window_serial, co_window_of_opportunity_a,
          co_window_of_opportunity_a, co_window_paths_a, co_window_paths_a,
          co_window_of_opportunity_a, co_window_unsneaky_path_d,
          co_window_corner_ca, co_window_of_opportunity_b, co_window_2corner,
          co_window_paths_c, co_window_cross_4
Temple:   minmay_temple_bridge_d
Lair:1:   layout_hall_layers, gauntlet_entry_generic, minmay_lair_oklob_bushes,
          serial_bayou_shore_b, uniq_gastronok
Lair:2:   layout_roguey, nicolae_swamp_entry_splash_gauntlet,
          gammafunk_ghost_icy, lightli_volcano_entry_magma_tube,
          serial_bayou_pond_e, grunt_megastairs_4
Lair:3:   layout_chaotic_city, minmay_snake_entry_spellcaster, st_stairs_6,
          eino_small_chamber_without_monster, lemuel_fruit_fields,
          serial_bayou_shore_b
Lair:4:   layout_cave_shapes, serial_bayou_lagoon_b, serial_bayou_shore_a,
          grunt_megastairs_1
Lair:5:   due_jungle_book, layout_regular_city, slime_entry_1,
          portal_ice_cave_demonic_guard, small_statue_intersection,
          eino_house_with_fridge
Swamp:1:  layout_basic_swamp, serial_swamp_ruin, hangedman_swamp_ruin_hall,
          evilmike_swamp_ruin_house_1, evilmike_swamp_ruin_wall, swamp_pool5
Swamp:2:  layout_basic_swamp, evilmike_swamp_ruin_house_5
Swamp:3:  layout_basic_swamp, evilmike_swamp_ruin_house_4, swamp_pool1,
          infiniplex_staircase_pool
Swamp:4:  swamp, layout_basic_swamp, swamp_pool1, uniq_mlioglotl
Snake:1:  layout_rooms, serial_shops, shop
Snake:2:  layout_grid_shapes, st_stairs_2, grunt_ministairs_9, minmay_snake_pond
Snake:3:  layout_chambers, guppyfry_library_mini, uniq_nikola
Snake:4:  minmay_snake_end_coiled, layout_layer_cave, serial_shops, shop,
          shop_fountains, nicolae_shop_crystal, nicolae_shop_waterfront,
          nicolae_shop_advertising_works [nicolae_subvault_shop_adworks]
Orc:1:    layout_diamond_mine
Orc:2:    pf_orc_diabolical, layout_caves
Elf:1:    layout_rooms, hangedman_elf_represent
Elf:2:    nicolae_elf_blades_crystal_corner, layout_onion_city,
          grunt_ministairs_13, minivault_16
Elf:3:    elf_hall, layout_geoelf_octagon, serial_shops,
          nicolae_shop_behind_doors, uniq_roxanne, uniq_bai_suzhen
Vaults:1: hangedman_vaults_cutoff, v_rooms_4, ontoclasm_vaults_pinch,
          nicolae_vaults_branching_niches,
          nicolae_vaults_windows_and_doors_thing,
          nicolae_vaults_yaktaur_gun_rack, nicolae_vaults_network_square,
          ontoclasm_vaults_idyll, serial_ice_g,
          vaults_mumra_minichess_inversion, layout_vaults_ring, uniq_aizul
Vaults:2: grunt_vaults_hallway_short, nicolae_vaults_angled_halls, door_vault,
          vaults_room_fancy_cross, nicolae_vaults_network_quincunx
          [nicolae_vaults_network_quincunx_subvault,
          nicolae_vaults_network_quincunx_subvault,
          nicolae_vaults_network_quincunx_subvault,
          nicolae_vaults_network_quincunx_subvault,
          nicolae_vaults_network_quincunx_subvault], vaults_room_pools,
          hangedman_vaults_capsules, vaults_standard_mumra_lines,
          ontoclasm_vaults_twist, nicolae_vaults_three_branches,
          nicolae_vaults_little_squares_3, layout_vaults_omnicross, uniq_margery
Vaults:3: gammafunk_ghost_arena, vaults_room_door_ring, v_misc_14,
          nicolae_vaults_an_arrangement, vaults_room_door_ring,
          ontoclasm_vaults_chip, v_misc_14, nicolae_vaults_alarming,
          vaults_mumra_hex, layout_vaults_omnigrid, serial_shops,
          nicolae_shop_bloodbath_and_beyond
Vaults:4: hangedman_vaults_unwind, vaults_dpeg_cross, vaults_room_hallway,
          vaults_mumra_chevron_long, hangedman_vaults_maws, v_misc_28, v_misc_5,
          kennysheep_vaults_gozag_temple, v_misc_2, ontoclasm_vaults_spin,
          nicolae_vaults_specimen_jars, ontoclasm_vaults_idyll,
          ontoclasm_vaults_fault, layout_vaults_omnibox, uniq_jory
Vaults:5: serial_shops, uniq_sojobo
Crypt:1:  layout_misc_corridors, lemuel_upstairs_altar, uniq_donald
Crypt:2:  layout_gridlike, hangedman_blasphemy
Crypt:3:  cryptofortress_bobbens
Depths:1: layout_basic, enter_ziggurat_f, lemuel_doored_altar, pf_coc_iceberg,
          hangedman_corner_corridor, minmay_shop_grove
Depths:2: gammafunk_dig_for_victory, layout_gridlike, grunt_mini_vestibule,
          nicolae_abyss_entry_one_way_or_another, grunt_pan_entry_zigzag,
          nicolae_figureground_pulse, infiniplex_staircase_door_maze
Depths:3: mu_elemental_laboratory, layout_basic, pf_vacation_house_of_asmodeus,
          kennysheep_cross_room, rand_demon_pan_entry_4, abyss_entry,
          skrybe_limestone_x, uniq_boris, uniq_mara
Depths:4: evilmike_zot_entry_gauntlet, layout_gridlike, hell_entry,
          minmay_misc_feat_encased, serial_bayou_shore_b
Zot:1:    layout_gridlike, bh_zot_ikea_curve, st_single_dragon_hoard_2
Zot:2:    layout_cathedral_of_symmetry, basic_altar, uniq_grunn

Skill      XL: |  1  2  3  4  5  6  7  8  9 10 11 12 13 14 15 16 17 18 19 20 21 22 23 24 25 26 |
---------------+-------------------------------------------------------------------------------+-----
Earth Magic    | 4 5 6 7 8 9 10 12 13 14 15 16 18 19 20 21 23 24 26 27 | 27.0
Conjurations   | 1 2 3 4 5 6 7 8 10 11 12 13 14 16 | 16.5
Spellcasting   | 3 4 5 6 7 9 10 11 12 14 15 16 17 18 | 18.6
Fire Magic     | 1 2 3 4 5 7 8 9 10 11 12 13 14 16 19 | 19.5
Fighting       | 2 3 5 6 7 9 10 12 13 14 16 17 18 22 23 24 25 26 | 26.0
Staves         | 1 3 4 |  4.6
Armour         | 2 3 5 6 7 8 |  8.7
Dodging        | 2 3 4 6 7 |  7.7
Evocations     | 2 4 6 7 |  7.0
Shields        | 3 6 9 11 12 13 | 13.3
Stealth        | 7 |  7.1
Transmutations | |  0.7

Action                   |  1- 3 |  4- 6 |  7- 9 | 10-12 | 13-15 | 16-18 | 19-21 | 22-24 | 25-27 || total
-------------------------+-------+-------+-------+-------+-------+-------+-------+-------+-------++-------
Melee: Quarterstaff      |       |       |    11 |    20 |     9 |     1 |       |       |       ||    41
       Staff             |       |       |       |       |       |    21 |    63 |    75 |    33 ||   192
 Cast: Sandblast         |    51 |    89 |   153 |   326 |   510 |    65 |    97 |    26 |    19 ||  1336
       Fireball          |       |       |       |    12 |    40 |     4 |    13 |     2 |     2 ||    73
       Stone Arrow       |       |       |       |     3 |     1 |       |       |     6 |       ||    10
       Borgnjor's Vile C |       |       |       |     4 |    62 |     9 |    28 |    17 |     1 ||   121
       Passwall          |       |       |       |     1 |       |     1 |       |     1 |       ||     3
       Sticky Flame      |       |       |       |       |    19 |       |       |       |       ||    19
       Lee's Rapid Decon |       |       |       |       |    99 |     2 |    29 |    22 |       ||   152
       Iron Shot         |       |       |       |       |    80 |   697 |   704 |   751 |   344 ||  2576
       Lehudib's Crystal |       |       |       |       |       |       |     9 |    14 |     1 ||    24
       Shatter           |       |       |       |       |       |       |       |    11 |    28 ||    39
  Use: Scroll            |     1 |     5 |     5 |    19 |     9 |     6 |     3 |     2 |     5 ||    55
       Potion            |       |       |       |     7 |       |       |     2 |       |     3 ||    12
Armor: Robe              |    11 |    29 |    72 |    97 |    39 |       |       |       |    78 ||   326
       Troll leather arm |       |       |       |   124 |   167 |       |       |       |       ||   291
       Animal skin       |       |       |       |       |    47 |   189 |   133 |   144 |    43 ||   556
Dodge: Dodged            |    19 |    26 |   176 |   369 |   423 |   170 |   121 |   124 |    83 ||  1511
Block: Kite shield       |       |       |       |       |       |   128 |   232 |   235 |   144 ||   739
       Reflection        |       |       |       |       |       |    22 |    35 |    48 |     4 ||   109

Table legend: (Time is in decaauts)
 A = Elapsed time spent in this place.
 B = Non-inter-level travel time spent in this place.
 C = Inter-level travel time spent in this place.
 D = Time resting spent in this place.
 E = Time spent auto-exploring this place.
 F = Levels seen in this place.
 G = Mean time per level.
                   A        B        C        D        E       F      G
               +--------+--------+--------+--------+--------+-----+--------+
         Total |  94997 |  88806 |   6191 |  36534 |  21912 |  51 | 1862.7 |
       Dungeon |  24170 |  21819 |   2351 |   8914 |   6013 |  15 | 1611.3 |
        Temple |    169 |     98 |     71 |      0 |     63 |   1 |  169.0 |
          Lair |   9275 |   8900 |    375 |   2667 |   1742 |   5 | 1855.0 |
         Swamp |   5472 |   5269 |    203 |   2357 |   2262 |   4 | 1368.0 |
     Snake Pit |   9931 |   9782 |    149 |   5759 |   2222 |   4 | 2482.8 |
  Orcish Mines |   3926 |   3779 |    147 |   1666 |    476 |   2 | 1963.0 |
   Elven Halls |   4827 |   4604 |    223 |   1866 |    814 |   3 | 1609.0 |
        Vaults |  18918 |  17449 |   1469 |   8278 |   3218 |   5 | 3783.6 |
         Crypt |   4842 |   4704 |    138 |   1153 |   2499 |   3 | 1614.0 |
        Depths |   9842 |   8849 |    993 |   3217 |   1365 |   4 | 2460.5 |
           Zot |   1423 |   1354 |     69 |    254 |    770 |   2 |  711.5 |
      Ice Cave |   1289 |   1289 |      0 |    336 |    322 |   1 | 1289.0 |
       Volcano |    278 |    278 |      0 |     34 |     42 |   1 |  278.0 |
      Gauntlet |    628 |    628 |      0 |     33 |    104 |   1 |  628.0 |
               +--------+--------+--------+--------+--------+-----+--------+

Top non-repeatable levels by time:
Vaults:1: 4818 daAuts
Vaults:3: 4708 daAuts
  Lair:5: 4184 daAuts
Vaults:2: 4154 daAuts
Vaults:4: 3907 daAuts
    D:12: 3702 daAuts
 Snake:3: 3656 daAuts
    D:14: 3204 daAuts
   Orc:2: 3109 daAuts
 Snake:4: 3016 daAuts
Depths:3: 3004 daAuts
Depths:1: 2592 daAuts
Depths:2: 2529 daAuts
   Elf:2: 2141 daAuts
     D:7: 2105 daAuts
